 Dungeon Crawl Stone Soup version 0.25-a0-1119-g28b6fd0c3b (webtiles) character file.

Game seed: 7256583928070305802, levelgen mode: deterministic

532 Maedhros the Insei (level 7, -3/43 HPs)
             Began as an Octopode Artificer on May 18, 2020.
             Slain by a bullfrog (9 damage)
             ... on level 6 of the Dungeon.
             The game lasted 00:10:18 (1281 turns).

Maedhros the Insei (Octopode Artificer)             Turns: 1281, Time: 00:10:18

Health: -3/43      AC:  1    Str: 12    XL:     7   Next: 24%
Magic:  9/9        EV: 13    Int: 13    God:
Gold:   122        SH:  0    Dex: 14    Spells: 6/6 levels left

rFire    . . .     SeeInvis .   a - +0 short sword
rCold    . . .     Gourm    .   (no shield)
rNeg     . . .     Faith    .   (helmet restricted)
rPois    .         Spirit   .   (no amulet)
rElec    .         Reflect  .   (no ring)
rCorr    .         Harm     .   (no ring)
MR       .....                  (no ring)
Stlth    ++++......             (no ring)
HPRegen  0.14/turn              (no ring)
MPRegen  0.11/turn              (no ring)
                                (no ring)
                                (no ring)

@: no status effects
A: almost no armour, stealthy swim, amphibious, 8 rings, constrict 8, camouflage
1, gelatinous body 1
a: no special abilities


You were on level 6 of the Dungeon.
You were very hungry.

You visited 1 branch of the dungeon, and saw 7 of its levels.

You collected 122 gold pieces.

Inventory:

Hand Weapons
 a - a +0 short sword (weapon)
 j - a +0 hunting sling
 r - a +1 morningstar of venom
Missiles
 i - 42 stones (quivered)
Wands
 b - a wand of flame (15)
 c - a wand of enslavement (1)
Scrolls
 d - a scroll of fear {unknown}
 e - 2 scrolls of noise {unknown}
 g - 2 scrolls of enchant weapon {unknown}
 k - a scroll of blinking {unknown}
 l - 2 scrolls of remove curse {unknown}
 n - 5 scrolls of amnesia {unknown}
 q - 2 scrolls of identify {unknown}
Potions
 h - 2 potions of cancellation
 m - a potion of flight
 p - a potion of magic
 s - a potion of brilliance
Comestibles
 f - 3 rations
 o - a chunk of flesh


   Skills:
 - Level 1.0 Fighting
 - Level 1.0 Short Blades
 - Level 2.0 Dodging
 - Level 4.0 Stealth
 + Level 6.8 Unarmed Combat
 - Level 3.2 Evocations


You had 6 spell levels left.
You didn't know any spells.
Your spell library was empty.

Dungeon Overview and Level Annotations

Branches:
Dungeon (7/15)
 Temple: D:4-7

Altars:
Ashenzari
Makhleb
Nemelex Xobeh

Shops:
D:4 *

Annotations:
D:5 Grinder


Innate Abilities, Weirdness & Mutations

You cannot wear most types of armour.
You are very stealthy in the water. (Stealth+)
You are amphibious.
You can wear up to eight rings at the same time.
You can use your tentacles to constrict eight enemies at once.
Your skin changes colour to match your surroundings (Stealth+).
Your rubbery body absorbs attacks. (AC +1, EV +1)


Message History

Evoke which item? (* to show all) (? for menu, Esc to quit)
Aiming: Throw Flame
Press: ? - help, Shift-Dir - straight line, f - bullfrog
Aim: a bullfrog The puff of flame hits the bullfrog.
The bullfrog is lightly wounded.
Evoke which item? (* to show all) (? for menu, Esc to quit)
Aiming: Throw Flame
Press: ? - help, Shift-Dir - straight line, f/p - bullfrog
Aim: a bullfrog (lightly wounded)
The puff of flame hits the bullfrog!
The bullfrog is heavily wounded.
You hit the bullfrog but do no damage. Your grab misses the bullfrog.
The bullfrog is heavily wounded.
The bullfrog hits you!
* * * LOW HITPOINT WARNING * * *
You feel better. The bullfrog hits you!
* * * LOW HITPOINT WARNING * * *
The bullfrog hits you!
You die...

#.## ...# #..# #..#
#..### ### #....#
#. #.. #F.#.# #.#
#.# #@...# #.# #.#
#.#.## #.# #.# ###
#.# # ##.###.# #..
#.#.# #......###.#
##.#.###...).[....#
#.............#####
#..#..........#
#..#####.###.<#####
##..# #............


You could see a bullfrog.

Vanquished Creatures
  An ice beast (D:5)
  A necrophage (D:4)
  A howler monkey (D:4)
  A crimson imp (D:6)
  A hound (D:5)
  2 jellies
  2 iguanas (D:6)
  Ijyb (D:2)
  A worker ant zombie (D:6)
  4 adders
  A worm (D:2)
  15 orcs
  A giant cockroach (D:2)
  6 goblins (D:2)
  2 hobgoblins
  A kobold (D:2)
  4 bats (D:2)
  A frilled lizard (D:2)
  A quokka skeleton (D:6)
47 creatures vanquished.

Vanquished Creatures (collateral kills)
  2 orc wizards (D:7)
  An orc (D:7)
  A giant cockroach (D:4)
  A goblin (D:2)
  A kobold (D:2)
  A rat (D:2)
7 creatures vanquished.

Vanquished Creatures (others)
  An ogre (D:7)
  2 orc wizards
  A worm (D:2)
4 creatures vanquished.

Grand Total: 58 creatures vanquished

Notes
Turn   | Place    | Note
-------+----------+-------------------------------------------
     0 | D:1      | Maedhros the Octopode Artificer began the quest for the
                  | Orb.
     0 | D:1      | Reached XP level 1. HP: 13/13 MP: 3/3
    81 | D:2      | Found a shattered altar of Ashenzari.
   124 | D:2      | Noticed a hound
   170 | D:2      | Reached XP level 2. HP: 12/18 MP: 4/4
   270 | D:2      | Reached skill level 1 in Unarmed Combat
   270 | D:2      | Reached XP level 3. HP: 15/23 MP: 5/5
   292 | D:2      | Noticed Ijyb
   311 | D:2      | Killed Ijyb
   311 | D:2      | Reached skill level 2 in Unarmed Combat
   311 | D:2      | HP: 1/23 [kobold/+0 short sword (7)]
   322 | D:2      | Reached XP level 4. HP: 2/28 MP: 6/6
   608 | D:4      | Found a sparkling altar of Nemelex Xobeh.
   612 | D:4      | Reached skill level 3 in Unarmed Combat
   653 | D:4      | Noticed a necrophage
   672 | D:4      | Found Igunec's Assorted Antiques.
   701 | D:4      | Killed a necrophage
   701 | D:4      | Reached skill level 4 in Unarmed Combat
   701 | D:4      | Reached XP level 5. HP: 21/33 MP: 7/7
   717 | D:5      | Entered Level 5 of the Dungeon
   717 | D:5      | Noticed an ice beast
   725 | D:5      | Killed an ice beast
   725 | D:5      | Reached skill level 5 in Unarmed Combat
   725 | D:5      | Reached XP level 6. HP: 27/38 MP: 8/8
   957 | D:5      | Noticed Grinder
  1080 | D:6      | Reached skill level 6 in Unarmed Combat
  1089 | D:6      | Reached XP level 7. HP: 22/43 MP: 9/9
  1140 | D:7      | Found a burning altar of Makhleb.
  1140 | D:7      | Noticed an Executioner
  1281 | D:6      | Slain by a bullfrog

Illustrated notes

Levels and vault maps discovered:
D:1:      matt_arrival_grand_opening, layout_loops_corners,
          grunt_decor_fettered, patterned_corridor
D:2:      kennysheep_the_goblin_king, layout_rooms, evilmike_ruin_ashenzari
D:3:      layout_basic, dk_noncrumbling_4, fedhas_altar_2
D:4:      layout_rooms, nemelex_xobeh_ov_fountains_minmay,
          dancing_weapons_uskayaw, amethyst_overflow_temple_binary,
          serial_shops, nicolae_shop_waterfront, chequers_jeans
D:5:      layout_basic, first_ration, uniq_grinder
D:6:      layout_loops_ring
D:7:      layout_rooms, lemuel_crystal_altar, trog_ov_bears_minmay,
          minmay_temple_entry_from_below_a, grunt_ogre_cave,
          makhleb_altar_promises_db

Skill      XL: |  1  2  3  4  5  6 |
---------------+-------------------+-----
Stealth        | 2 4 |  4.0
Unarmed Combat | 1 2 4 5 6 |  6.8
Fighting       | |  1.0
Short Blades   | |  1.0
Dodging        | |  2.0
Evocations     | |  3.2

Action                   |  1- 3 |  4- 6 |  7- 9 || total
-------------------------+-------+-------+-------++-------
Melee: Short sword       |    41 |    44 |    20 ||   105
       Constrict         |    11 |    13 |     5 ||    29
       Tentacles         |     4 |     8 |     4 ||    16
       Punch             |       |     2 |     2 ||     4
Evoke: Wand              |    12 |    26 |    10 ||    48
  Use: Potion            |     3 |     3 |     2 ||     8
 Stab: Sleeping          |     1 |     3 |     2 ||     6
       Paralysed         |       |     2 |       ||     2
Armor: Skin              |    10 |     2 |     1 ||    13
Dodge: Dodged            |    43 |    31 |    12 ||    86

Table legend:
 A = Non-vault XP
 B = Vault XP
 C = Vault XP percentage of total XP
 D = Non-vault monster count
 E = Vault monster count
 F = Vault count percentage of total count
                 A         B        C        D         E       F
            +---------+---------+-------+---------+---------+-------
      Total |     717 |      44 |   5.8 |      48 |       6 |  11.1
            +---------+---------+-------+---------+---------+-------
        D:2 |      63 |      44 |  41.1 |      16 |       6 |  27.3
        D:3 |       2 |       0 |   0.0 |       1 |       0 |   0.0
        D:4 |     170 |       0 |   0.0 |       4 |       0 |   0.0
        D:5 |     232 |       0 |   0.0 |      13 |       0 |   0.0
        D:6 |     183 |       0 |   0.0 |       7 |       0 |   0.0
        D:7 |      67 |       0 |   0.0 |       7 |       0 |   0.0
            +---------+---------+-------+---------+---------+-------
